General information
- name: BNet
- type: Ladder team game (AT/RT)
- host: Battle.net
- saver: TIMG4STRok
map: DragonFalls
- players: 8
- length: 19:41
- speed: Fast
- version: 1.23 W3XP
- replay type:

» download(185 KB)
Players
team 1 (winner)
194 (
red | 46 APM | 909 actions | 19:38)
4 Tauren Chieftain
2 Shockwave
2 Endurance Aura
3 Pandaren Brewmaster
2 Breath of Fire
1 Drunken Haze
» actions
| Assign group hotkey | 24 | |
| Basic commands | 12 | |
| Build / train | 40 | |
| Enter build submenu | 20 | |
| Enter hero's abilities submenu | 7 | |
| Right click | 545 | |
| Select / deselect | 130 | |
| Select group hotkey | 62 | |
| Use ability | 69 | |
909 total
» units
» upgrades
| Melee Weapons | 2 | |
| Pillage | 1 | |
| Ensnare | 1 | |
| Reinforced Defenses | 1 | |
5 total
» buildings
| Altar of Storms | 1 | |
| Orc Burrow | 4 | |
| Barracks | 2 | |
| Voodoo Lounge | 1 | |
| War Mill | 1 | |
| Stronghold | 1 | |
| Beastiary | 3 | |
| Fortress | 1 | |
| Watch Tower | 6 | |
20 total
» build order
00:06 Altar of Storms
00:23 Orc Burrow
00:38 Barracks
00:42 Barracks
01:38 Orc Burrow
02:00 Voodoo Lounge
02:59 War Mill
03:20 Stronghold
03:50 Orc Burrow
04:09 Orc Burrow
05:59 Beastiary
06:04 Beastiary
06:06 Beastiary
08:58 Fortress
10:58 Watch Tower
10:59 Watch Tower
11:00 Watch Tower
11:02 Watch Tower
11:03 Watch Tower
11:04 Watch Tower
» items
| Healing Salve | 2 | |
| Lesser Clarity Potion | 4 | |
| Scroll of Speed | 2 | |
| Scroll of Town Portal | 1 | |
9 total
SMERB.COM.COM (
orange | 82 APM | 1612 actions | 19:38)
4 Death Knight
2 Death Coil
2 Unholy Aura
3 Lich
2 Frost Nova
1 Frost Armor
» actions
| Assign group hotkey | 23 | |
| Basic commands | 162 | |
| Build / train | 85 | |
| Enter build submenu | 16 | |
| Enter hero's abilities submenu | 7 | |
| Give item / drop item | 1 | |
| Remove unit from queue | 6 | |
| Right click | 660 | |
| Select / deselect | 223 | |
| Select group hotkey | 318 | |
| Use ability | 111 | |
1612 total
» units
| Acolyte | 7 | |
| Ghoul | 2 | |
| Crypt Fiend | 11 | |
| Thunder Lizard | 4 | |
| Frost Wyrm | 6 | |
| Gargoyle | 1 | |
| Green Dragon | 2 | |
33 total
» upgrades
» buildings
| Graveyard | 1 | |
| Crypt | 1 | |
| Altar of Darkness | 1 | |
| Ziggurat | 11 | |
| Tomb of Relics | 1 | |
| Nerubian Tower | 2 | |
| Halls of the Dead | 2 | |
| Black Citadel | 3 | |
| Sacrificial Pit | 1 | |
| Necropolis | 1 | |
| Boneyard | 1 | |
25 total
» build order
00:08 Graveyard
00:22 Crypt
00:47 Altar of Darkness
01:00 Ziggurat
01:38 Tomb of Relics
02:15 Ziggurat
02:18 Nerubian Tower
02:18 Nerubian Tower
05:47 Halls of the Dead
05:47 Halls of the Dead
06:11 Ziggurat
06:12 Ziggurat
08:58 Black Citadel
08:58 Black Citadel
09:44 Sacrificial Pit
10:01 Ziggurat
10:02 Necropolis
10:35 Ziggurat
10:36 Ziggurat
10:37 Ziggurat
10:38 Ziggurat
10:38 Ziggurat
11:41 Boneyard
15:23 Ziggurat
» items
| Rod of Necromancy | 4 | |
| Sacrificial Skull | 1 | |
| Dust of Appearance | 1 | |
| Potion of Mana | 6 | |
| Scroll of Town Portal | 4 | |
| Potion of Healing | 1 | |
| Orb of Corruption | 1 | |
| Boots of Speed | 1 | |
| Scroll of Protection | 1 | |
| Scroll of Healing | 3 | |
| Potion of Lesser Invulnerability | 1 | |
24 total

»
TheNumber1-B (
teal | 106 APM | 2090 actions | 19:38)
6 Tauren Chieftain
3 Shockwave
2 Endurance Aura
1 Reincarnation
» actions
| Assign group hotkey | 90 | |
| Basic commands | 66 | |
| Build / train | 57 | |
| ESC pressed | 1 | |
| Enter build submenu | 20 | |
| Enter hero's abilities submenu | 6 | |
| Remove unit from queue | 1 | |
| Right click | 780 | |
| Select / deselect | 162 | |
| Select group hotkey | 785 | |
| Use ability | 122 | |
2090 total
» units
| Peon | 12 | |
| Grunt | 5 | |
| Raider | 4 | |
| Troll Batrider | 7 | |
28 total
» upgrades
| Pillage | 1 | |
| Ensnare | 1 | |
| Liquid Fire | 1 | |
| Reinforced Defenses | 1 | |
| Melee Weapons | 2 | |
| Armor | 1 | |
7 total
» buildings
| Altar of Storms | 1 | |
| Orc Burrow | 7 | |
| Barracks | 1 | |
| Voodoo Lounge | 1 | |
| Stronghold | 3 | |
| War Mill | 1 | |
| Beastiary | 3 | |
| Great Hall | 2 | |
| Fortress | 1 | |
| Watch Tower | 3 | |
23 total
» build order
00:08 Altar of Storms
00:19 Orc Burrow
00:20 Orc Burrow
00:21 Orc Burrow
00:35 Barracks
01:28 Orc Burrow
01:50 Voodoo Lounge
02:56 Stronghold
02:56 Stronghold
02:56 Stronghold
04:34 Orc Burrow
04:52 War Mill
05:37 Beastiary
05:38 Beastiary
06:06 Great Hall
07:06 Orc Burrow
08:04 Fortress
10:05 Great Hall
10:14 Beastiary
13:33 Orc Burrow
16:42 Watch Tower
16:45 Watch Tower
16:45 Watch Tower
» items
| Healing Salve | 3 | |
| Lesser Clarity Potion | 2 | |
| Scroll of Town Portal | 1 | |
6 total

»
TIMG4STRok (
yellow | 126 APM | 2481 actions | 19:41)
6 Death Knight
3 Death Coil
3 Unholy Aura
4 Lich
2 Frost Nova
2 Frost Armor
» actions
| Assign group hotkey | 26 | |
| Basic commands | 67 | |
| Build / train | 76 | |
| Enter build submenu | 24 | |
| Enter hero's abilities submenu | 10 | |
| Give item / drop item | 2 | |
| Right click | 1114 | |
| Select / deselect | 298 | |
| Select group hotkey | 758 | |
| Use ability | 106 | |
2481 total
» units
| Acolyte | 13 | |
| Ghoul | 3 | |
| Crypt Fiend | 10 | |
| Frost Wyrm | 3 | |
29 total
» upgrades
» buildings
| Graveyard | 1 | |
| Crypt | 1 | |
| Ziggurat | 9 | |
| Altar of Darkness | 1 | |
| Tomb of Relics | 1 | |
| Necropolis | 1 | |
| Halls of the Dead | 1 | |
| Spirit Tower | 4 | |
| Black Citadel | 1 | |
| Sacrificial Pit | 1 | |
| Boneyard | 2 | |
23 total
» build order
00:08 Graveyard
00:11 Crypt
00:38 Ziggurat
00:43 Ziggurat
00:58 Ziggurat
00:59 Altar of Darkness
01:46 Ziggurat
02:04 Tomb of Relics
04:46 Necropolis
05:18 Ziggurat
06:13 Halls of the Dead
07:33 Ziggurat
07:34 Spirit Tower
10:08 Black Citadel
11:17 Sacrificial Pit
11:55 Ziggurat
11:56 Ziggurat
12:50 Boneyard
13:25 Boneyard
14:56 Ziggurat
14:58 Spirit Tower
15:00 Spirit Tower
17:07 Spirit Tower
» items
| Rod of Necromancy | 1 | |
| Healing Salve | 4 | |
| Potion of Healing | 5 | |
| Lesser Clarity Potion | 3 | |
| Scroll of Healing | 3 | |
| Scroll of Town Portal | 3 | |
| Potion of Mana | 3 | |
| Orb of Corruption | 1 | |
| Orb of Lightning | 1 | |
24 total
team 2 (loser)

»
Big.bLue.naTion (
pink | 84 APM | 1594 actions | 18:52)
3 Death Knight
1 Death Coil
2 Unholy Aura
1 Lich
1 Frost Nova
» actions
| Assign group hotkey | 33 | |
| Basic commands | 15 | |
| Build / train | 56 | |
| ESC pressed | 5 | |
| Enter build submenu | 17 | |
| Enter hero's abilities submenu | 4 | |
| Give item / drop item | 5 | |
| Remove unit from queue | 3 | |
| Right click | 579 | |
| Select / deselect | 255 | |
| Select group hotkey | 582 | |
| Use ability | 40 | |
1594 total
» units
| Acolyte | 9 | |
| Ghoul | 15 | |
| Crypt Fiend | 6 | |
| Frost Wyrm | 5 | |
35 total
» upgrades
| Web | 1 | |
| Creature Attack | 1 | |
| Freezing Breath | 1 | |
3 total
» buildings
| Graveyard | 1 | |
| Crypt | 1 | |
| Altar of Darkness | 1 | |
| Tomb of Relics | 1 | |
| Ziggurat | 6 | |
| Nerubian Tower | 1 | |
| Halls of the Dead | 1 | |
| Black Citadel | 1 | |
| Sacrificial Pit | 1 | |
| Boneyard | 2 | |
| Spirit Tower | 2 | |
18 total
» build order
00:09 Graveyard
00:11 Crypt
00:43 Altar of Darkness
00:58 Tomb of Relics
01:15 Ziggurat
02:11 Ziggurat
02:13 Nerubian Tower
03:34 Halls of the Dead
06:58 Ziggurat
06:59 Ziggurat
07:08 Black Citadel
09:28 Sacrificial Pit
10:36 Boneyard
10:37 Boneyard
12:44 Ziggurat
14:29 Spirit Tower
15:02 Ziggurat
15:07 Spirit Tower
» items
| Rod of Necromancy | 2 | |
| Scroll of Town Portal | 1 | |
| Orb of Corruption | 1 | |
4 total

»
COMBO-BREAKER (
blue | 111 APM | 2176 actions | 19:38)
3 Keeper of the Grove
2 Entangling Roots
1 Thorns Aura
3 Priestess of the Moon
2 Trueshot Aura
1 Searing Arrows
» actions
| Assign group hotkey | 36 | |
| Basic commands | 165 | |
| Build / train | 69 | |
| ESC pressed | 12 | |
| Enter build submenu | 13 | |
| Enter hero's abilities submenu | 6 | |
| Give item / drop item | 2 | |
| Right click | 523 | |
| Select / deselect | 546 | |
| Select group hotkey | 752 | |
| Use ability | 52 | |
2176 total
» units
» upgrades
| Strength of the Wild | 2 | |
| Strength of the Moon | 3 | |
| Improved Bows | 1 | |
| Moon Armor | 1 | |
| Marksmanship | 1 | |
8 total
» buildings
| Altar of Elders | 2 | |
| Moon Well | 7 | |
| Ancient of War | 2 | |
| Hunter's Hall | 1 | |
| Tree of Ages | 2 | |
| Tree of Eternity | 2 | |
16 total
» build order
00:18 Altar of Elders
00:21 Altar of Elders
00:31 Moon Well
00:45 Ancient of War
01:35 Moon Well
02:14 Hunter's Hall
02:54 Moon Well
03:23 Tree of Ages
04:31 Moon Well
06:30 Tree of Eternity
06:30 Tree of Eternity
06:34 Ancient of War
09:10 Moon Well
09:11 Moon Well
19:10 Moon Well
» items
| Scroll of Protection | 1 | |
| Scroll of Town Portal | 1 | |
2 total
Holyrabit (
green | 39 APM | 695 actions | 17:59)
4 Death Knight
2 Death Coil
2 Unholy Aura
2 Lich
1 Frost Nova
1 Dark Ritual
» actions
| Basic commands | 7 | |
| Build / train | 57 | |
| Enter build submenu | 15 | |
| Enter hero's abilities submenu | 6 | |
| Give item / drop item | 5 | |
| Right click | 298 | |
| Select / deselect | 246 | |
| Use ability | 61 | |
695 total
» units
| Acolyte | 11 | |
| Ghoul | 7 | |
| Crypt Fiend | 10 | |
| Thunder Lizard | 1 | |
| Satyr Shadowdancer | 1 | |
| Furbolg Shaman | 1 | |
31 total
» upgrades
| Creature Attack | 2 | |
| Creature Carapace | 2 | |
| Web | 1 | |
5 total
» buildings
| Altar of Darkness | 1 | |
| Ziggurat | 6 | |
| Crypt | 1 | |
| Graveyard | 1 | |
| Tomb of Relics | 1 | |
| Halls of the Dead | 1 | |
| Spirit Tower | 3 | |
| Nerubian Tower | 1 | |
| Black Citadel | 1 | |
| Sacrificial Pit | 1 | |
17 total
» build order
00:13 Altar of Darkness
00:18 Ziggurat
00:24 Ziggurat
00:41 Crypt
01:03 Graveyard
01:21 Tomb of Relics
01:35 Ziggurat
04:35 Ziggurat
04:58 Halls of the Dead
05:54 Ziggurat
09:08 Spirit Tower
09:09 Nerubian Tower
13:04 Black Citadel
14:10 Ziggurat
15:40 Spirit Tower
15:41 Spirit Tower
15:56 Sacrificial Pit
» items
| Rod of Necromancy | 2 | |
| Potion of Healing | 2 | |
| Scroll of Town Portal | 2 | |
6 total
Merculore (
purple | 73 APM | 1439 actions | 19:35)
4 Paladin
2 Holy Light
1 Devotion Aura
1 Divine Shield
» actions
| Assign group hotkey | 59 | |
| Basic commands | 74 | |
| Build / train | 66 | |
| ESC pressed | 1 | |
| Enter build submenu | 25 | |
| Enter hero's abilities submenu | 4 | |
| Remove unit from queue | 3 | |
| Right click | 561 | |
| Select / deselect | 184 | |
| Select group hotkey | 381 | |
| Use ability | 81 | |
1439 total
» units
| Peasant | 23 | |
| Footman | 8 | |
| Knight | 4 | |
| Siege Engine | -2 | |
| Flying Machine | 6 | |
39 total
» upgrades
| Defend | 1 | |
| Flak Cannons | 1 | |
| Plating | 1 | |
| Flying Machine Bombs | 1 | |
| Lumber Harvesting | 1 | |
| Gunpowder | 1 | |
| Swords | 1 | |
7 total
» buildings
| Barracks | 2 | |
| Farm | 9 | |
| Altar of Kings | 1 | |
| Arcane Vault | 1 | |
| Keep | 1 | |
| Lumber Mill | 1 | |
| Town Hall | 2 | |
| Castle | 1 | |
| Blacksmith | 1 | |
| Workshop | 2 | |
21 total
» build order
00:56 Barracks
01:05 Farm
01:43 Barracks
01:54 Altar of Kings
02:03 Arcane Vault
02:08 Farm
02:14 Farm
03:29 Farm
04:07 Farm
04:31 Keep
04:34 Lumber Mill
06:16 Town Hall
06:46 Town Hall
06:59 Farm
07:25 Castle
08:08 Blacksmith
09:05 Workshop
09:07 Workshop
10:34 Farm
12:18 Farm
12:39 Farm
» items
| Scroll of Regeneration | 3 | |
| Lesser Clarity Potion | 2 | |
| Scroll of Town Portal | 2 | |
| Orb of Fire | 1 | |
| Potion of Healing | 1 | |
| Scroll of Healing | 1 | |
10 total
Chat log
(00:12 / All) Merculore: pause pleex for abuse report
(00:13 / All) TIMG4STRok: OK HOLD ON
(00:17 / All) TIMG4STRok: brb pizza
(00:18 / All) Merculore: i mean
(00:38 / All) Merculore: give the man another timeout plz
(00:38 / All) Big.bLue.naTion: brb...having a quickie
(00:48 / All) COMBO-BREAKER: ASL
(00:49 / All) COMBO-BREAKER: give it
(00:50 / All) TIMG4STRok: ajhhhh fuck he dont got his wallet hold on
(00:51 / All) COMBO-BREAKER: holding
(01:15 / Allies) 194: i need to pee
(01:21 / Allies) SMERB.COM.COM: tt
(01:23 / All) COMBO-BREAKER: Brb gotta help my dad marinate steaks i mean wash his lawndairy
(01:24 / Allies) SMERB.COM.COM: gogogo
(01:25 / Allies) TheNumber1-B: u have a small bladder
(01:26 / Allies) SMERB.COM.COM: go sport
(01:26 / Allies) SMERB.COM.COM: go
(01:29 / All) Merculore: i totally have to do laundry
(01:38 / All) Merculore: like
(01:39 / All) Merculore: IRL
(01:44 / Allies) TheNumber1-B: do u have a friend that goes to the bathroom with u
(01:45 / All) COMBO-BREAKER: irl
(01:50 / Allies) 194: yes everytime
(01:51 / All) COMBO-BREAKER: u guys it's ir
(01:52 / Allies) 194: srsly
(01:52 / All) COMBO-BREAKER: l
(01:58 / All) Merculore: i mean IRC
(02:16 / All) TheNumber1-B: wat
(02:34 / All) Merculore: thought you were gonna host GEM TD after last game
(02:39 / All) SMERB.COM.COM: Tbh
(02:39 / All) Big.bLue.naTion: td it up
(02:45 / All) TheNumber1-B: host footies after
(02:47 / All) TheNumber1-B: we will fuck uup
(02:54 / All) SMERB.COM.COM: you dont know how me and EJ do in footies
(03:09 / All) 194: smerb is bad at footies
(03:12 / All) Merculore: is footies a guy u can pick in dota
(03:25 / All) Merculore: or is that enfos
(03:29 / All) 194: i lose everytime hes on my team
(03:30 / All) COMBO-BREAKER: EFNOES
(04:44 / All) SMERB.COM.COM: im your pusher.
(05:19 / Allies) TIMG4STRok: wood
(05:23 / All) COMBO-BREAKER: lawff
(05:30 / All) SMERB.COM.COM: sup fat noob
(05:35 / All) COMBO-BREAKER: hahahahhaaaah
(05:40 / All) 194: this is only my second game ever
(05:40 / All) COMBO-BREAKER: poached a TC
(05:44 / All) Merculore: is palladin pro
(06:23 / All) SMERB.COM.COM: I'm sorry - Jeffry Atkins.
(06:33 / All) 194: Jeffry.
(06:37 / Allies) SMERB.COM.COM: yes
(06:40 / Allies) SMERB.COM.COM: its spelled that way
(06:46 / Allies) SMERB.COM.COM: jealous?
(06:53 / Allies) 194: could be
(07:02 / All) SMERB.COM.COM: pink yuou for real?
(08:23 / Allies) SMERB.COM.COM: w00d
(08:26 / Allies) SMERB.COM.COM: please friends
(08:33 / All) TIMG4STRok: did anybody besides green witness that book of the dead surround
(10:12 / Allies) SMERB.COM.COM: n3rD
(10:20 / All) TIMG4STRok: AHAHAH made you clowns tp
(11:02 / All) TIMG4STRok: JustEmbarrassedGreen.w3g
(11:42 / Allies) SMERB.COM.COM: w00d
(11:44 / Allies) SMERB.COM.COM: please
(12:05 / Allies) TheNumber1-B: jhill
(12:22 / Allies) TheNumber1-B: xD
(13:27 / All) SMERB.COM.COM: pink you are full retard.
(13:35 / All) SMERB.COM.COM: never go full retard.
(13:36 / All) TheNumber1-B: 100% that is
(13:52 / All) 194: my iq is only 74...
(16:57 / Allies) SMERB.COM.COM: fight at yellow
(17:45 / All) COMBO-BREAKER: bb
(17:45 / All) COMBO-BREAKER: r
(17:48 / All) COMBO-BREAKER: bbbbrb
(17:48 / All) TIMG4STRok: NOT
(17:53 / All) COMBO-BREAKER: lolnot
(17:55 / All) SMERB.COM.COM: gg fat noob
(18:06 / All) COMBO-BREAKER: lol i'm fat
(18:07 / All) TheNumber1-B: 2-0ed
(18:08 / All) Merculore: f-10 ALT-T
(18:12 / All) 194: man i lose my base every game
(18:14 / All) SMERB.COM.COM: 2-0'd christ
(18:18 / Allies) SMERB.COM.COM: reminds me of how
(18:19 / All) Merculore: i mean alt-q
(18:20 / Allies) SMERB.COM.COM: i usually do
(18:20 / All) TIMG4STRok: look
(18:22 / All) TIMG4STRok: at this kid
(18:26 / All) TIMG4STRok: trying to main him
(18:28 / All) COMBO-BREAKER: i gotta start calling people "Fat noob" that's awesome
(18:31 / All) TIMG4STRok: with a 30 food army
(18:42 / All) 194: maybe u guys should go for an undead
(18:50 / All) COMBO-BREAKER: who is undead
(18:55 / Allies) TIMG4STRok: pillage that shit
(19:07 / All) Merculore: maybe u should use microsoft excel to calculate how to math
(19:31 / All) Merculore: i mean f-10 ALT-T
(19:35 / All) SMERB.COM.COM: yo
(19:36 / Allies) SMERB.COM.COM: pu